 Dungeon Crawl Stone Soup version 0.22.0 (webtiles) character file.

66 letownia2 the Insei (level 3, -5/26 HPs)
             Began as a Demonspawn Transmuter on Aug 11, 2018.
             Killed from afar by an orc wizard (7 damage)
             ... with a puff of flame
             ... on level 3 of the Dungeon.
             The game lasted 00:05:03 (540 turns).

letownia2 the Insei (Demonspawn Transmuter)          Turns: 540, Time: 00:05:03

Health: -5/26      AC:  5    Str: 11    XL:     3   Next: 96%
Magic:  6/6        EV: 12    Int: 14    God:
Gold:   27         SH:  0    Dex: 13    Spells: 3/6 levels left

rFire    . . .     SeeInvis .     - Unarmed
rCold    . . .     Gourm    .   (no shield)
rNeg     . . .     Faith    .   f - +0 leather armour
rPois    .         Spirit   .   (no helmet)
rElec    .         Reflect  .   (no cloak)
rCorr    .         Harm     .   (no gloves)
MR       .....                  (no boots)
Stlth    ..........             (no amulet)
HPRegen  0.08/turn              j - ring of attention (curse)
MPRegen  0.10/turn              (no ring)

@: lethally poisoned (-5 -> -12), appendage (expiring)
A: horns 2, molten scales 1
a: End Transformation


You were on level 3 of the Dungeon.
You were not hungry.
You had grown temporary horns.
You visited 1 branch of the dungeon, and saw 3 of its levels.

You collected 27 gold pieces.

Inventory:

Hand Weapons
 k - a +1 short sword of venom
Missiles
 a - 10 arrows
 m - 8 javelins
 n - 4 tomahawks (quivered)
 o - 16 stones
Armour
 b - a +0 robe
 f - a +0 leather armour (worn)
Jewellery
 j - a cursed ring of attention (left hand)
Scrolls
 c - a scroll of teleportation {unknown}
 e - 3 scrolls of fog {unknown}
 g - a scroll of immolation {unknown}
 h - a scroll of magic mapping {unknown}
 i - a scroll of remove curse {unknown}
Comestibles
 d - 2 rations


   Skills:
 - Level 1.0 Fighting
 - Level 1.7 Dodging
 + Level 4.4 Unarmed Combat
 - Level 2.0 Spellcasting
 - Level 1.7 Transmutations


You had 3 spell levels left.
You knew the following spells:

 Your Spells              Type           Power        Failure   Level  Hunger
a - Beastly Appendage     Tmut           #.....       16%         1    ##.....
l - Sticks to Snakes      Tmut           #.......     22%         2    ###....

Your spell library contained the following spells:

 Spells                   Type           Power        Failure   Level  Hunger
 Spider Form              Tmut/Pois      #.........   54%         3    ####...
 Blade Hands              Tmut           #.........   99%         5    ######.
 Ice Form                 Ice/Tmut       #.......     91%         4    #####..


Dungeon Overview and Level Annotations

Branches:
Dungeon (3/15)

Altars:
Ashenzari
Okawaru

Annotations:
D:2 Sigmund


Innate Abilities, Weirdness & Mutations

You are partially covered in molten scales. (AC +2)
You have a pair of horns on your head.


Message History

The kobold misses you.
You barely miss the kobold.
The kobold is heavily wounded.
* * * LOW HITPOINT WARNING * * *
You feel sick. The kobold hits you.
* * * LOW HITPOINT WARNING * * *
You hit the kobold but do no damage.
The kobold is heavily wounded.
An orc comes into view. It is wielding a flail.
The kobold hits you but does no damage.
The orc shouts!
You hit the kobold.
You kill the kobold!
Your transformation is almost over.
* * * LOW HITPOINT WARNING * * *
You feel sick.
You hear a shout!
The orc wizard gestures at you while chanting.
The puff of flame hits you!
You die...

#...# ###.#.#
###.._..#######
#...#.#..)).).#
###.###...#####)#
#....###### #)#
#....# #.# #
#..(.# #.#.##
###@## #<...# #)#
##..##


.oo ++# .#... #.##### # You could see an orc wizard and an orc.

Vanquished Creatures
  Natasha (D:2)
  An ooze (D:1)
  2 dart slugs
  A leopard gecko (D:1)
  5 orcs (D:3)
  A bat (D:1)
  2 giant cockroaches (D:1)
  4 goblins
  6 kobolds
  2 frilled lizards
  2 rats (D:1)
27 creatures vanquished.

Notes
Turn   | Place    | Note
-------+----------+-------------------------------------------
     0 | D:1      | letownia2 the Demonspawn Transmuter began the quest for the Orb.
     0 | D:1      | Reached XP level 1. HP: 15/15 MP: 3/3
     1 | D:1      | Noticed an electric eel
    43 | D:1      | Reached skill level 3 in Unarmed Combat
    97 | D:1      | Gained mutation: You are partially covered in molten scales. (AC +2) [demonic ancestry]
    97 | D:1      | Reached XP level 2. HP: 9/21 MP: 0/5
   209 | D:2      | Noticed Natasha
   221 | D:2      | Noticed a crimson imp
   226 | D:1      | Learned a level 2 spell: Sticks to Snakes
   233 | D:2      | Killed Natasha
   233 | D:2      | Reached skill level 4 in Unarmed Combat
   233 | D:2      | Reached XP level 3. HP: 13/26 MP: 2/6
   235 | D:2      | Noticed Sigmund
   440 | D:2      | Found an iron altar of Okawaru.
   510 | D:3      | Found a shattered altar of Ashenzari.
   540 | D:3      | Killed from afar by an orc wizard

Skill      XL: |  1  2 |
---------------+-------+-----
Unarmed Combat | 3 4 |  4.4
Fighting       | |  1.0
Dodging        | |  1.7
Spellcasting   | |  2.0
Transmutations | |  1.7

Action                   || total
-------------------------++-------
Melee: Unarmed           ||    75
       Kick              ||     8
       Headbutt          ||     5
Throw: Javelin           ||     6
 Cast: Beastly Appendage ||    20
       Sticks to Snakes  ||     2
  Use: Potion            ||     1
Armor: Robe              ||     3
       Leather armour    ||    12
Dodge: Dodged            ||    45
